 Dungeon Crawl Stone Soup version 0.30.0-5-g1a98f26d00 (webtiles) character file.

Game seed: 16426009851405722393

77 Jase the Chopper (level 4, -4/39 HPs)
             Began as a Hill Orc Fighter on May 9, 2023.
             Was a Believer of Uskayaw.
             Succumbed to an orc wizard's poison
             ... on level 4 of the Dungeon.
             The game lasted 00:04:40 (2573 turns).

Jase the Chopper (Hill Orc Fighter)                 Turns: 2573, Time: 00:04:41

Health: -4/39      AC: 10    Str: 20    XL:     4   Next: 33%
Magic:  4/4        EV: 12    Int:  8    God:    Uskayaw [**....]
Gold:   55         SH:  9    Dex: 10    Spells: 3/3 levels left

rFire   . . .        a - +0 war axe
rCold   . . .        c - +0 buckler
rNeg    . . .        n - +0 chain mail
rPois   .            (no helmet)
rElec   .            (no cloak)
rCorr   .            (no gloves)
SInv    .            t - +0 pair of boots
Will    .....        e - amulet of reflection Stlth
                     s - +5 ring of evasion
HPRegen 0.26/turn    (no ring)
MPRegen 0.09/turn

%: reflection
@: lethally poisoned (-4 -> -31)
A: no striking features
a: Renounce Religion, Stomp, Line Pass


You were on level 4 of the Dungeon.
You worshipped Uskayaw.
Uskayaw was noncommittal.
You visited 1 branch of the dungeon, and saw 4 of its levels.

You collected 180 gold pieces.
You spent 125 gold pieces at shops.

Inventory:

Hand Weapons
 a - a +0 war axe (weapon)
Missiles
 o - 13 poisoned darts (quivered)
Armour
 c - a +0 buckler (worn)
 n - a +0 chain mail (worn)
 t - a +0 pair of boots (worn)
Jewellery
 e - an amulet of reflection (around neck)
 s - a +5 ring of evasion (left hand)
Scrolls
 b - a scroll of immolation {unknown}
 f - 2 scrolls of poison {unknown}
 g - 2 scrolls of torment {unknown}
 h - 3 scrolls of blinking {unknown}
 i - a scroll of teleportation
 j - a scroll of fog
 m - a scroll of magic mapping {unknown}
 p - 2 scrolls of identify
 r - a scroll of enchant weapon
Potions
 d - 2 potions of might
 k - a potion of heal wounds
 q - a potion of berserk rage {unknown}
 u - a potion of brilliance {unknown}
 v - a potion of mutation {unknown}
 w - a potion of ambrosia {unknown}


   Skills:
 - Level 3.6 Fighting
 * Level 5.9 Axes
 - Level 3.2 Armour
 - Level 3.2 Shields


You had 3 spell levels left.
You didn't know any spells.
Your spell library contained the following spells:

 Spells                   Type           Power      Damage    Failure   Level
 Ensorcelled Hibernation  Hex/Ice        0%         N/A       99%         2
 Spider Form              Tmut/Pois      0%         N/A       100%        3
 Anguish                  Hex/Necr       0%         N/A       100%        4


Dungeon Overview and Level Annotations

Branches:
Dungeon (4/15)
 Temple: D:4-7

Altars:
Ashenzari
Cheibriados
Kikubaaqudgha
Ru
Uskayaw
Wu Jian
Yredelemnul
Zin

Shops:
D:1 *(*:=


Message History

You block the orc's attack.
You closely miss something. You hit the orc.
Something hits you but does no damage.
You are poisoned.
You block the orc's attack. Something hits you but does no damage.
You are lethally poisoned!
The orc hits you but does no damage.
You barely miss something. You closely miss the orc.
* * * LOW HITPOINT WARNING * * *
You feel very sick. Something barely misses you. You block the orc's attack.
Unknown command.
It was a potion of heal wounds.
You feel much better.
You feel very sick. The orc hits you but does no damage.
Something hits you but does no damage.
You are more poisoned.
You closely miss something. You barely miss the orc.
You feel very sick. Something hits you but does no damage.
You are lethally poisoned!
You block the orc's attack.
You miss something. You hit the orc.
You kill the orc!
You feel extremely sick. Something hits you but does no damage.
You are more poisoned.
You block something's attack.
You barely miss something.
* * * LOW HITPOINT WARNING * * *
You feel extremely sick. Something hits you.
* * * LOW HITPOINT WARNING * * *
You are more poisoned.
You barely miss something.
* * * LOW HITPOINT WARNING * * *
You feel extremely sick. Something hits you but does no damage.
You are more poisoned.
You miss something.
You die...

#.... #.... ###...
###
......#########.##
.........#.......#
.........'......<#
.........#.......#
##...##.##....#..#
#. #@##########
#{)......
#>.....).
#........
#######<. #


There were no monsters in sight!

Vanquished Creatures
  2 adders (D:3)
  A dart slug (D:2)
  2 orcs (D:4)
  6 ball pythons
  5 endoplasms
  4 giant cockroaches
  4 goblins
  5 hobgoblins
  4 quokkas
  7 bats
  3 frilled lizards
  2 kobolds (D:3)
  3 rats
48 creatures vanquished.

Notes
Turn   | Place    | Note
-------+----------+-------------------------------------------
     0 | D:1      | Jase the Hill Orc Fighter began the quest for the Orb.
     0 | D:1      | Reached XP level 1. HP: 19/19 MP: 1/1
    37 | D:1      | Found Laewomeg's Weapon Emporium.
    48 | D:1      | Reached skill level 3 in Axes
    69 | D:1      | Found Ewneg's Assorted Antiques.
    72 | D:1      | Found Luoxt's General Store.
    99 | D:1      | Reached XP level 2. HP: 26/26 MP: 2/2
   123 | D:1      | Reached skill level 4 in Axes
   251 | D:1      | Found Dudivas's Book Shop.
   288 | D:1      | Found Zoid's Jewellery Boutique.
   633 | D:1      | Bought a scroll of identify for 20 gold pieces
   840 | D:1      | Bought a potion of curing for 30 gold pieces
   903 | D:2      | Reached XP level 3. HP: 31/31 MP: 3/3
  1364 | D:3      | Found a glowing silver altar of Zin.
  1424 | D:3      | Reached skill level 5 in Axes
  1635 | D:1      | Bought a scroll of enchant weapon for 75 gold pieces
  1843 | D:3      | Reached XP level 4. HP: 39/39 MP: 4/4
  2035 | D:3      | Found an ancient bone altar of Kikubaaqudgha.
  2036 | D:3      | Found a hide-covered altar of Uskayaw.
  2038 | D:3      | Found a broken altar of Ashenzari.
  2039 | D:3      | Found a snail-covered altar of Cheibriados.
  2039 | D:3      | Found an ornate altar of the Wu Jian Council.
  2040 | D:3      | Found a sacrificial altar of Ru.
  2049 | D:3      | Became a worshipper of Uskayaw the Reveller
  2115 | D:3      | Found a basalt altar of Yredelemnul.
  2399 | D:3      | Reached * piety under Uskayaw
  2556 | D:4      | Reached ** piety under Uskayaw
  2573 | D:4      | Succumbed to an orc wizard's poison

Illustrated notes

Levels and vault maps discovered:
D:1:      dpeg_arrival_line_fractal, layout_rooms, serial_shops,
          nicolae_shop_crystal, nicolae_shop_tiny_real_fake_doors,
          nicolae_shop_gaudy_bauble, shop, nicolae_square_shop,
          minmay_misc_feat_plants
D:2:      layout_loops_ring, nrook_mini_backslash, serial_bayou_pond_d
D:3:      layout_basic, mainiacjoe_overflow_boulevard,
          mainiacjoe_overflow_six_doors_small, grunt_temple_overflow_open,
          minmay_vboxes
D:4:      layout_gridville

Skill      XL: |  1  2  3 |
---------------+----------+-----
Axes           | 3 4 5 |  5.9
Fighting       | |  3.6
Armour         | |  3.2
Shields        | |  3.2

Action                     |  1- 3 |  4- 6 || total
---------------------------+-------+-------++-------
  Melee: War axe           |    99 |    45 ||   144
    Use: Scroll            |     2 |       ||     2
         Potion            |       |     2 ||     2
 Armour: Scale mail        |    25 |       ||    25
         Chain mail        |     7 |    26 ||    33
  Dodge: Dodged            |    39 |    14 ||    53
  Block: Buckler           |    59 |    27 ||    86
         Reflection        |     4 |       ||     4
